 Dungeon Crawl Stone Soup version 0.20.0-14-g326068f (webtiles) character file.

148 skittles the Firebug (level 5, -2/41 HPs)
             Began as a Draconian Fire Elementalist on June 8, 2017.
             Killed by nerve-wracking pain
             ... invoked by Grinder
              (7 damage)
             ... on level 4 of the Dungeon.
             The game lasted 00:06:18 (3234 turns).

skittles the Firebug (Draconian Fire Elementalist)  Turns: 3234, Time: 00:06:19

Health: -2/41      AC:  6    Str: 12    XL:     5   Next: 8%
Magic:  7/9        EV: 12    Int: 17    God:
Gold:   202        SH:  0    Dex: 11    Spells: 5/9 levels left

rFire    . . .     SeeInvis .   o - +0 spear (curse)
rCold    . . .     Gourm    +   (no shield)
rNeg     . . .     Faith    .   (armour unavailable)
rPois    .         Spirit   .   (helmet restricted)
rElec    .         Reflect  .   n - +0 cloak
rCorr    .         Harm     .   (no gloves)
MR       .....     Clarity  +   (no boots)
Stlth    ++........             s - amulet of the gourmand
Regen    0.2/turn               (no ring)
MPRegen  0.2/turn               (no ring)

@: no status effects
A: unfitting armour, clarity, strong 1, cold-blooded, AC +5
a: no special abilities


You were on level 4 of the Dungeon.
You were not hungry.

You visited 1 branch of the dungeon, and saw 4 of its levels.

You collected 202 gold pieces.

Inventory:

Hand Weapons
 f - a +1 spear
 o - a cursed +0 spear (weapon)
Armour
 n - a +0 cloak (worn)
Jewellery
 s - an amulet of the gourmand (around neck)
Scrolls
 c - a scroll of identify
 d - 2 scrolls of enchant armour
 e - 2 scrolls of amnesia
 g - a scroll of fog
Potions
 h - a potion of lignification
 i - 2 potions of mutation
 u - a potion of haste
Books
 a - a book of Flames

   Spells                             Type                      Level
   a - Flame Tongue                   Conjuration/Fire             1
   b - Throw Flame                    Conjuration/Fire             2
   c - Conjure Flame                  Conjuration/Fire             3
   d - Inner Flame                    Hexes/Fire                   3
   e - Sticky Flame                   Conjuration/Fire             4
   f - Fireball                       Conjuration/Fire             5
Comestibles
 b - 3 bread rations
 p - 2 meat rations
 q - a royal jelly


   Skills:
 + Level 2.0 Fighting
 + Level 2.7 Dodging
 - Level 1.7 Stealth
 + Level 2.7 Spellcasting
 + Level 2.2 Conjurations
 + Level 3.7 Fire Magic


You had 5 spell levels left.
You knew the following spells:

 Your Spells              Type           Power        Failure   Level  Hunger
a - Flame Tongue          Conj/Fire      ##...        5%          1    #......
b - Conjure Flame         Conj/Fire      ##......     16%         3    ###....


Dungeon Overview and Level Annotations

Branches:
Dungeon (4/15)
 Temple: D:4-7

Altars:
Fedhas
Nemelex Xobeh

Annotations:
D:4 Grinder


Innate Abilities, Weirdness & Mutations

Your plain brown scales are hard. (AC +5)
You cannot fit into any form of body armour.
You are cold-blooded and may be slowed by cold attacks.
You possess an exceptional clarity of mind.
Your muscles are strong. (Str +2)


Message History

Grinder hits you.
* * * LOW HITPOINT WARNING * * *
You writhe in agony.
* * * LOW HITPOINT WARNING * * *
It was a potion of flight.
You feel very buoyant.
You fly up into the air.
Grinder hits you but does no damage.
It was a potion of invisibility.
You fade into invisibility!
Grinder closely misses you.
It was a potion of cancellation.
Your magical effects are unravelling.
You feel magically purged.
Your magical contamination has completely faded away.
You float gracefully downwards.
You flicker back into view.
You feel a little less mighty now.
Grinder says, "Tell me all your secrets, or I'll kill you."
Grinder gestures at you. Pain shoots through your body!
You die...

##### ########## ####$..
.......<.. #####....##
########.. ......5@.†#
###.#
##$##.###.##########...#
# #............###
############...# ###.#
#.. ##. #. #.


You could see Grinder.

Vanquished Creatures
  An orc wizard (D:3)
  Jessica (D:3)
  2 adders
  2 worms
  A dart slug (D:1)
  2 leopard geckos
  3 orcs (D:3)
  A ball python (D:4)
  3 giant cockroaches
  7 hobgoblins
  5 jackals
  5 kobolds
  4 quokkas
  10 bats
  3 frilled lizards
  4 goblins
  10 rats
64 creatures vanquished.

Vanquished Creatures (others)
  A bat (D:2)
1 creature vanquished.

Grand Total: 65 creatures vanquished

Notes
Turn   | Place    | Note
-------+----------+-------------------------------------------
     0 | D:1      | skittles the Draconian Fire Elementalist began the quest for the Orb.
     0 | D:1      | Reached XP level 1. HP: 14/14 MP: 3/3
   146 | D:1      | Reached XP level 2. HP: 16/22 MP: 1/5
   359 | D:1      | Reached skill level 1 in Fighting
   997 | D:2      | Reached XP level 3. HP: 20/28 MP: 2/6
  1263 | D:2      | Found a sparkling altar of Nemelex Xobeh.
  1284 | D:2      | Learned a level 3 spell: Conjure Flame
  2341 | D:3      | Reached XP level 4. HP: 32/35 MP: 4/7
  2530 | D:3      | Found a blossoming altar of Fedhas.
  3002 | D:3      | Noticed Jessica
  3011 | D:3      | Killed Jessica
  3011 | D:3      | Reached XP level 5. HP: 41/41 MP: 6/9
  3210 | D:4      | Noticed Grinder
  3217 | D:4      | Paralysed by Grinder for 7 turns
  3224 | D:4      | Gained mutation: Your muscles are strong. (Str +2) [potion of mutation]
  3224 | D:4      | Gained mutation: You possess an exceptional clarity of mind. [potion of mutation]
  3234 | D:4      | Killed from afar by Grinder

Skill      XL: |  1  2  3  4 |
---------------+-------------+-----
Dodging        | 2 |  2.7
Fighting       | 1 2 |  2.0
Conjurations   | 2 |  2.2
Stealth        | |  1.7
Spellcasting   | |  2.7
Fire Magic     | |  3.7

Action                   |  1- 3 |  4- 6 || total
-------------------------+-------+-------++-------
Melee: Mace              |    20 |       ||    20
       Unarmed           |     4 |       ||     4
       Spear             |   155 |    48 ||   203
       Tailslap          |    12 |     5 ||    17
 Cast: Flame Tongue      |    18 |    18 ||    36
  Use: Scroll            |     6 |     1 ||     7
       Potion            |       |     6 ||     6
 Stab: Sleeping          |     9 |       ||     9
       Distracted        |     1 |     2 ||     3
  Eat: Chunk             |     5 |     6 ||    11
Armor: Skin              |    79 |     8 ||    87
Dodge: Dodged            |   138 |    29 ||   167
